AoeStats
← rds_sledopyt

Arena

510564465Analyzed
1v1 RM · 1d ago on Oct 1, 2026· 43m 34s· 2 players
Game mode
Random Map
Map size
Tiny (2 player)
Population
200
Speed
Normal
Resources
Standard
Victory
Conquest
Starting age
Dark Age
Ending age
Imperial Age
RankedLock teamsTeams togetherTeam positionsShared explorationLock speedFull tech treeHidden civsTurbo modeCheats
Victory
Defeat
🇷🇺 Spanish · Russia
937
+17
🇬🇧 Bohemians · United Kingdom
962
-17
rds_sledopyt
10:40 Feudal Age
11:35 Loom
14:39 Castle Age
13:13 Horse Collar
13:24 Double-Bit Axe
25:24 Wheelbarrow
25:34 Bow Saw
26:01 Heavy Plow
26:49 Hand Cart
26:47 Gold Mining
27:54 Stone Mining
32:26 Imperial Age
32:03 Scale Barding Armor
32:09 Forging
32:32 Ballistics
32:24 Masonry
32:27 Fortified Wall
32:07 Town Watch
32:39 Husbandry
32:50 Bloodlines
33:29 Conscription
34:12 Chemistry
33:10 Cavalier
34:25 Chain Barding Armor
36:15 Iron Casting
36:15 Plate Barding Armor
38:45 Paladin
40:17 Gambesons
40:33 Squires
40:19 Arson
39:54 Man-at-Arms
42:00 Scale Mail Armor
43:00 Blast Furnace
42:05 Long Swordsman
44:08 Chain Mail Armor
43:18 Two-Handed Swordsman
bertie.horne
10:27 Feudal Age
16:28 Castle Age
15:09 Loom
16:15 Double-Bit Axe
17:07 Horse Collar
21:27 Bow Saw
26:36 Imperial Age
25:37 Wheelbarrow
25:36 Padded Archer Armor
25:32 Fletching
25:56 Heavy Plow
27:34 Chemistry
26:22 Elite Skirmisher
28:52 Two-Man Saw
28:18 Ballistics
29:04 Leather Archer Armor
30:21 Bodkin Arrow
31:53 Hand Cart
32:53 Ring Archer Armor
32:23 Bracer
32:10 Pikeman
32:50 Squires
34:03 Pikeman
34:44 Squires
36:01 Bracer
36:14 Forging
36:04 Scale Mail Armor
35:38 Houfnice
38:02 Halberdier
39:16 Chain Mail Armor
39:51 Iron Casting
Connection lost

Rejoining the realm…

Still unreachable

The connection could not be restored.

Session expired

The server has moved on; the page needs a fresh start.